 Dungeon Crawl Stone Soup version 0.20.1-1-g8b1a95d66d (webtiles) character file.

97 Peloso the Covered (level 4, -1/40 HPs)
             Began as a Minotaur Fighter on Dec 26, 2017.
             Slain by an orc wizard
             ... wielding a +0 dagger
              (5 damage)
             ... on level 3 of the Dungeon.
             The game lasted 00:03:09 (1392 turns).

Peloso the Covered (Minotaur Fighter)               Turns: 1392, Time: 00:03:10

Health: -1/40      AC:  7    Str: 21    XL:     4   Next: 42%
Magic:  3/3        EV:  7    Int:  5    God:
Gold:   48         SH:  9    Dex: 10    Spells: 3/3 levels left

rFire    . . .     SeeInvis .   a - +0 long sword
rCold    . . .     Gourm    .   c - +0 shield
rNeg     . . .     Faith    .   b - +0 scale mail
rPois    .         Spirit   .   (helmet restricted)
rElec    .         Reflect  .   g - scarf {repulsion}
rCorr    .         Harm     .   (no gloves)
MR       .....                  (no boots)
Stlth    ..........             (no amulet)
Regen    0.2/turn               (no ring)
MPRegen  0.1/turn               (no ring)

@: repel missiles
A: retaliatory headbutt, horns 2
a: no special abilities


You were on level 3 of the Dungeon.
You were hungry.

You visited 1 branch of the dungeon, and saw 3 of its levels.

You collected 48 gold pieces.

Inventory:

Hand Weapons
 a - a +0 long sword (weapon)
Armour
 b - a +0 scale mail (worn)
 c - a +0 shield (worn)
 g - a scarf of repulsion (worn)
Scrolls
 h - a scroll of immolation {unknown}
 i - 2 scrolls of remove curse {unknown}
 j - a scroll of enchant armour {unknown}
 k - a scroll of fog {unknown}
 l - a scroll of teleportation {unknown}
 m - a scroll of enchant weapon {unknown}
 p - a scroll of magic mapping {unknown}
Potions
 d - a potion of might
 e - a potion of resistance {unknown}
Books
 o - a book of Misfortune

   Spells                             Type                      Level
   a - Confusing Touch                Hexes                        1
   b - Confuse                        Hexes                        3
   c - Gell's Gravitas                Translocation                3
   d - Petrify                        Transmutation/Earth          4
   e - Metabolic Englaciation         Hexes/Ice                    5
   f - Yara's Violent Unravelling     Hexes/Transmutation          5
Comestibles
 f - 3 bread rations
 n - a meat ration


   Skills:
 + Level 4.1 Fighting
 + Level 3.7 Long Blades
 + Level 4.6 Armour
 + Level 0.2 Dodging
 + Level 4.3 Shields


You had 3 spell levels left.
You didn't know any spells.

Dungeon Overview and Level Annotations

Branches:
Dungeon (3/15)

Altars:
Makhleb
Yredelemnul


Innate Abilities, Weirdness & Mutations

You reflexively headbutt those who attack you in melee.
You have a pair of horns on your head.


Message History

You closely miss the orc wizard. The orc wizard barely misses you.
The orc wizard hits you but does no damage.
The orc closely misses you.
Unknown command.
Okay, then.
You closely miss the orc wizard. Your headbutt misses the orc wizard.
The orc wizard hits you but does no damage.
The orc wizard miscasts a cantrip.
You block the orc's attack.
Unknown command.
You slash the orc wizard! Your headbutt misses the orc wizard.
The orc wizard is almost dead.
The orc wizard hits you but does no damage.
You block the orc wizard's attack. The orc hits you with a flail.
* * * LOW HITPOINT WARNING * * *
Unknown command.
You closely miss the orc wizard. Your headbutt misses the orc wizard.
The orc wizard is almost dead.
The orc wizard hits you with a dagger.
You die...

#### ##...# ##.....##
#.......##########
#..._...@oo......########
#.......#o.......#..<..#.
##.....##................
##...##.................
#####...............>..
......................
............#.........
.............#.........
.......................


You could see an orc wizard and 2 orcs.

Vanquished Creatures
  2 adders
  2 worms (D:2)
  A dart slug (D:1)
  2 orcs (D:3)
  8 bats
  8 giant cockroaches
  6 hobgoblins
  10 jackals (D:1)
  A quokka (D:1)
  5 frilled lizards
  3 goblins
  6 kobolds
  12 rats
66 creatures vanquished.

Notes
Turn   | Place    | Note
-------+----------+-------------------------------------------
     0 | D:1      | Peloso the Minotaur Fighter began the quest for the Orb.
     0 | D:1      | Reached XP level 1. HP: 19/19 MP: 0/0
    87 | D:1      | Reached XP level 2. HP: 27/27 MP: 1/1
   328 | D:1      | Reached XP level 3. HP: 32/33 MP: 2/2
   875 | D:2      | Found a burning altar of Makhleb.
   960 | D:2      | Reached XP level 4. HP: 29/40 MP: 3/3
  1370 | D:3      | Found a basalt altar of Yredelemnul.
  1392 | D:3      | Slain by an orc wizard

Skill      XL: |  1  2  3 |
---------------+----------+-----
Armour         | 4 |  4.6
Shields        | 4 |  4.3
Long Blades    | 3 |  3.7
Fighting       | 4 |  4.1
Dodging        | |  0.2

Action                   |  1- 3 |  4- 6 || total
-------------------------+-------+-------++-------
Melee: Long sword        |   113 |    43 ||   156
       Headbutt          |    10 |     6 ||    16
  Use: Potion            |       |     2 ||     2
       Scroll            |       |     1 ||     1
  Eat: Chunk             |       |     1 ||     1
Armor: Scale mail        |    55 |    22 ||    77
Dodge: Dodged            |    37 |    13 ||    50
Block: Shield            |    70 |    37 ||   107
       Rpst.: Long sword |    12 |     1 ||    13
